 Dungeon Crawl Stone Soup version 0.30.0 (webtiles) character file.

Game seed: 3572981931206875180

107 Draconius the Digger (level 4, -1/24 HPs)
             Began as a Gargoyle Earth Elementalist on Sept 29, 2023.
             Was an Initiate of Kikubaaqudgha.
             Slain by a hobgoblin (2 damage)
             ... on level 4 of the Dungeon.
             The game lasted 00:11:01 (3039 turns).

Draconius the Digger (Gargoyle Earth Elementalist)  Turns: 3039, Time: 00:11:01

Health: -1/24      AC:  7    Str: 12    XL:     4   Next: 86%
Magic:  3/8        EV: 11    Int: 17    God:    Kikubaaqudgha [......]
Gold:   146        SH:  0    Dex: 10    Spells: 4/8 levels left

rFire   . . .        h - +2 dagger (venom)
rCold   . . .        (no shield)
rNeg    + . .        a - +0 robe
rPois   ∞            (no helmet)
rElec   +            q - +0 cloak
rCorr   .            (no gloves)
SInv    .            r - +0 pair of boots
Will    .....        p - amulet of faith
Stlth   ++           (no ring)
HPRegen 0.24/turn    (no ring)
MPRegen 0.11/turn

%: faith
@: no status effects
A: sickness immunity, AC +3, negative energy resistance 1, electricity
resistance, torment resistance 1, petrification resistance
a: Renounce Religion


You were on level 4 of the Dungeon.
You worshipped Kikubaaqudgha.
Kikubaaqudgha was noncommittal.
You visited 1 branch of the dungeon, and saw 4 of its levels.

You collected 146 gold pieces.

Inventory:

Hand Weapons
 g - a +0 mace
 h - a +2 dagger of venom (weapon)
Missiles
 d - 5 poisoned darts
Armour
 a - a +0 robe (worn)
 q - a +0 cloak (worn)
 r - a +0 pair of boots (worn)
Jewellery
 p - an amulet of faith (around neck)
Scrolls
 j - a scroll of amnesia {unknown}
 k - 4 scrolls of identify {unknown}
 m - 2 scrolls of fog {unknown}
 s - a scroll of enchant armour {unknown}
 t - a scroll of blinking {unknown}
Potions
 b - a potion of magic
 c - a potion of flight {unknown}
 e - 2 potions of brilliance {unknown}
 f - a potion of heal wounds {unknown}
 i - 2 potions of might {unknown}
 l - 2 potions of ambrosia {unknown}
 n - 2 potions of attraction {unknown}
 o - a potion of curing {unknown}
 u - a potion of invisibility {unknown}
 v - a potion of mutation {unknown}


   Skills:
 - Level 1.5 Dodging
 - Level 2.1 Stealth
 + Level 2.8 Spellcasting
 - Level 1.2 Conjurations
 * Level 0.5 Necromancy
 - Level 0.7 Transmutations
 + Level 5.4 Earth Magic


You had 4 spell levels left.
You knew the following spells:

 Your Spells              Type           Power      Damage    Failure   Level
a - Sandblast             Erth           42%        2d11      1%          1
b - Stone Arrow           Conj/Erth      26%        3d8       14%         3

Your spell library contained the following spells:

 Spells                   Type           Power      Damage    Failure   Level
 Passwall                 Tmut/Erth      10%        N/A       8%          2
 Necrotise                Necr           16%        1d4       14%         1
 Apportation              Tloc           4%         N/A       19%         1
 Summon Small Mammal      Summ           8%         N/A       19%         1
 Static Discharge         Conj/Air       8%         2-3/arc   21%         2
 Hailstorm                Conj/Ice       4%         3d4       38%         3
 Petrify                  Tmut/Erth      12%        N/A       45%         4
 Vhi's Electric Charge    Tloc/Air       4%         N/A       47%         3
 Ice Form                 Ice/Tmut       3%         N/A       83%         4
 Airstrike                Air            1%         2d(1-17)  87%         4
 Summon Lightning Spire   Summ/Air       2%         N/A       87%         4
 Arcjolt                  Conj/Air       2%         1d12      98%         5
 Plasma Beam              Fire/Air       1%         2x1d12    100%        6
 Simulacrum               Ice/Necr       1%         N/A       100%        6
 Maxwell's Capacitive Co  Air            1%         ∞         100%        8


Dungeon Overview and Level Annotations

Branches:
Dungeon (4/15)
 Temple: D:4-7

Altars:
Dithmenos
Kikubaaqudgha
Nemelex Xobeh

Annotations:
D:2 1 runed translucent door, Crazy Yiuf
D:4 Edmund, Ijyb


Innate Abilities, Weirdness & Mutations

You are immune to sickness and miasma.
Your stone body is resilient. (AC +3)
You are immune to poison.
You resist negative energy. (rN+)
You are resistant to electric shocks. (rElec)
You are resistant to unholy torment.
You are immune to petrification.


Message History

The blast of sand misses Ijyb.
A hobgoblin comes into view.
Ijyb zaps a wand.
The bolt of dispelling energy hits you.
The blast of sand hits Ijyb.
Ijyb is almost dead.
The hobgoblin shouts!
A hound comes into view.
Ijyb zaps a wand.
The bolt of dispelling energy hits you!
Ouch! That really hurt!
You are too injured to fight recklessly!
Aiming: Sandblast (safe; 1% risk of failure)
Press: ? - help, Q - select action, (/) - cycle Shift-Dir - straight line, f/p - Ijyb
Aim: Ijyb, wielding a +1 dagger of holy wrath, wearing a +0 ring mail and carrying a wand of quicksilver (5) (almost dead, 81% to hit)
The blast of sand misses Ijyb.
The hound barks!
A hobgoblin comes into view.
Ijyb zaps a wand.
The bolt of dispelling energy hits you.
* * * LOW HITPOINT WARNING * * *
Aiming: Sandblast (safe; 1% risk of failure)
Press: ? - help, Q - select action, (/) - cycle Shift-Dir - straight line, f/p - Ijyb
Aim: Ijyb, wielding a +1 dagger of holy wrath, wearing a +0 ring mail and carrying a wand of quicksilver (4) (almost dead, 81% to hit)
The blast of sand hits Ijyb.
Ijyb is almost dead.
Ijyb misses you.
Aiming: Sandblast (safe; 1% risk of failure)
Press: ? - help, Q - select action, (/) - cycle Shift-Dir - straight line, f/p - Ijyb
Aim: Ijyb, wielding a +1 dagger of holy wrath, wearing a +0 ring mail and carrying a wand of quicksilver (4) (almost dead, 81% to hit)
The blast of sand hits Ijyb but does no damage.
Ijyb is almost dead.
Ijyb hits you with a +1 dagger of holy wrath.
* * * LOW HITPOINT WARNING * * *
The hound bites you.
* * * LOW HITPOINT WARNING * * *
The hobgoblin closely misses you. Ijyb barely misses you.
Okay, then.
Okay, then.
Unknown command.
The hobgoblin attacks as you move away! The hobgoblin hits you.
You die...
Kikubaaqudgha rasps: "You have failed me!
Welcome... oblivion!"

#####...########
###........
##.#######
##...##
#####.....##
...........#
#####..?..##
##....# ##@#.#
#..ggh....#
#.##...##.# ..
#.g.# # ...
#...# ## #...#
#..)# ..!.#


You could see Ijyb, a hound and 2 hobgoblins.

Vanquished Creatures
  Terence (D:2)
  An adder (D:2)
  3 worms
  3 dart slugs
  4 ball pythons
  7 endoplasms
  2 giant cockroaches
  4 goblins
  6 hobgoblins
  9 kobolds
  3 quokkas
  4 bats
  3 frilled lizards
  An orc zombie (D:4)
  3 rats
54 creatures vanquished.

Notes
Turn   | Place    | Note
-------+----------+-------------------------------------------
     0 | D:1      | Draconius the Gargoyle Earth Elementalist began the quest
                  | for the Orb.
     0 | D:1      | Reached XP level 1. HP: 10/10 MP: 3/3
    55 | D:1      | Reached skill level 4 in Earth Magic
    99 | D:1      | Reached XP level 2. HP: 15/15 MP: 3/5
   732 | D:1      | Reached XP level 3. HP: 19/19 MP: 4/6
  1020 | D:2      | Found a runed translucent door.
  1021 | D:2      | Noticed Crazy Yiuf
  1111 | D:2      | Learned a level 3 spell: Stone Arrow
  1278 | D:2      | Reached skill level 1 in Conjurations
  1278 | D:2      | Reached skill level 5 in Earth Magic
  1325 | D:2      | Reached XP level 4. HP: 24/24 MP: 5/7
  1350 | D:2      | Noticed Terence
  2035 | D:3      | Found a sparkling altar of Nemelex Xobeh.
  2037 | D:3      | Found a shadowy altar of Dithmenos.
  2061 | D:3      | Found an ancient bone altar of Kikubaaqudgha.
  2070 | D:3      | Became a worshipper of Kikubaaqudgha
  2683 | D:2      | Killed Terence
  2891 | D:4      | Noticed Edmund
  2891 | D:4      | Noticed a scorpion
  3029 | D:4      | Noticed Ijyb
  3038 | D:4      | HP: 1/24 [hound (1)]
  3039 | D:4      | Slain by a hobgoblin

Illustrated notes

Levels and vault maps discovered:
D:1:      scummos_arrival_simple_crosswalls, layout_basic
D:2:      layout_rooms, uniq_crazy_yiuf_cottage, uniq_terence
D:3:      layout_loops_ring, minmay_overflow_temple_star_quad
D:4:      layout_loops_ring, minmay_temple_entry_glass,
          nicolae_ossuary_entry_catacombs, minmay_shop_enchanted_jewellery,
          uniq_edmund, uniq_ijyb

Skill      XL: |  1  2  3 |
---------------+----------+-----
Earth Magic    | 4 5 |  5.4
Conjurations   | 1 |  1.2
Dodging        | |  1.5
Stealth        | |  2.1
Spellcasting   | |  2.8
Necromancy     | |  0.5
Transmutations | |  0.7

Action                     |  1- 3 |  4- 6 || total
---------------------------+-------+-------++-------
  Throw: Dart              |       |     4 ||     4
   Cast: Sandblast         |    51 |    34 ||    85
 Armour: Robe              |     1 |       ||     1
  Dodge: Dodged            |     1 |     9 ||    10
